 Dungeon Crawl Stone Soup version 0.20-a0-494-gf50ee04 (webtiles) character file.

62384 Karnivor the Grappler (level 14, -2/146 HPs)
             Began as a Troll Fighter on Jan 17, 2017.
             Was the Champion of the Shining One.
             Slain by an azure jelly (3 damage)
             ... on level 5 of the Lair of Beasts.
             The game lasted 01:04:30 (19989 turns).

Karnivor the Grappler (Troll Fighter)              Turns: 19989, Time: 01:04:31

Health: -2/146     AC: 14    Str: 35    XL:     14   Next: 64%
Magic:  0/18       EV: 12    Int:  7    God:    the Shining One [******]
Gold:   1284       SH: 11    Dex:  9    Spells: 13/13 levels left

rFire    . . .     SeeInvis .     - Unarmed
rCold    . . .     Gourm    +   l - +3 troll leather armour {Snorg}
rNeg     + + +     Faith    .   b - +0 shield
rPois    .         Spirit   +   F - +2 hat {Int+3}
rElec    .         Reflect  .   V - +0 cloak
rCorr    .         Harm     .   (gloves unavailable)
MR       +....                  (boots unavailable)
Stlth    +.........             o - amulet of guardian spirit
Regen    1.2/turn               E - +4 ring of strength
                                w - +5 ring of slaying

@: glowing
A: unfitting armour, claws 3, fast metabolism 3, gourmand, regeneration 1,
shaggy fur 1, tough skin 2
a: Divine Shield, Cleansing Flame, Summon Divine Warrior, Brand Weapon With Holy
Wrath, Renounce Religion


You were on level 5 of the Lair of Beasts.
You worshipped the Shining One.
The Shining One was exalted by your worship.
You were completely stuffed.

You visited 3 branches of the dungeon, and saw 19 of its levels.
You also visited: Volcano.

You collected 1284 gold pieces.

Inventory:

Missiles
 J - 8 large rocks (quivered)
 Q - 5 javelins
Armour
 b - a +0 shield (worn)
 l - a +3 troll leather armour (worn) {Snorg}
 F - a +2 hat of intelligence (worn)
 V - a +0 cloak (worn)
Jewellery
 a - an uncursed ring of ice
 k - an uncursed ring of fire
 n - an uncursed ring of protection from fire
 o - an amulet of guardian spirit (around neck)
 w - a +5 ring of slaying (left claw)
 E - a +4 ring of strength (right claw)
 K - an uncursed ring of positive energy
 N - an uncursed ring of protection from magic
Wands
 u - a wand of acid (3/15)
 z - a wand of disintegration (14/24)
 C - a wand of iceblast (5/15)
 G - a wand of acid (5/15)
 H - a wand of lightning (6/15)
 M - a wand of digging (13/24)
Scrolls
 e - 2 scrolls of teleportation
 p - 9 scrolls of remove curse
 r - 5 scrolls of fog
 y - 2 scrolls of magic mapping
 X - 2 scrolls of recharging
Potions
 c - 5 potions of might
 f - 2 potions of lignification
 g - 2 potions of agility
 h - 2 potions of brilliance
 q - 7 potions of curing
 s - 4 potions of ambrosia
 t - 4 potions of berserk rage
 v - 3 potions of flight
 x - a potion of cancellation
 A - 3 potions of heal wounds
 D - a potion of haste
 S - 2 potions of magic
Books
 I - a book of Alchemy

   Spells                             Type                      Level
   a - Sublimation of Blood           Necromancy                   2
   b - Ignite Poison                  Fire/Transmutation/Poison    3
   c - Petrify                        Transmutation/Earth          4
   d - Alistair's Intoxication        Transmutation/Poison         5
   e - Irradiate                      Conjuration/Transmutation    5
 L - a book of Necromancy

   Spells                             Type                      Level
   a - Pain                           Necromancy                   1
   b - Animate Skeleton               Necromancy                   1
   c - Vampiric Draining              Necromancy                   3
   d - Regeneration                   Charms/Necromancy            3
   e - Animate Dead                   Necromancy                   4
   f - Control Undead                 Necromancy                   4
   The Shining One disapproves of the use of such an item.
Comestibles
 d - 16 bread rations
 i - 10 fruits
 j - 9 meat rations
 m - 3 chunks of flesh
 B - 9 beef jerkies
 P - 17 royal jellies


   Skills:
 + Level 11.2 Fighting
 + Level 6.9 Throwing
 + Level 6.4 Armour
 + Level 7.0 Dodging
 + Level 7.2 Shields
 + Level 12.7 Unarmed Combat
 + Level 7.4 Invocations
 + Level 6.1 Evocations


You had 13 spell levels left.
You didn't know any spells.

Dungeon Overview and Level Annotations

Branches:
Dungeon (12/15)            Temple (1/1) D:4            Lair (6/6) D:8
  Swamp (0/4) Lair:3        Snake (0/4) Lair:3        Slime (0/5) Lair:5
    Orc (0/2) D:11

Altars:
Ashenzari
Cheibriados
Dithmenos
Elyvilon
Fedhas
Gozag
Hepliaklqana
Kikubaaqudgha
Makhleb
Nemelex Xobeh
Okawaru
Qazlal
Ru
Sif Muna
Trog
Uskayaw
Vehumet
Xom
Yredelemnul
Zin
The Shining One
Jiyva
Lugonu

Shops:
D:10 (


Innate Abilities, Weirdness & Mutations

You are too large for most types of armour.
You have claws for hands.
Your metabolism is lightning-fast.
You like to eat raw meat.
Your natural rate of healing is unusually fast.
You are covered in fur. (AC +1)
You have very tough skin. (AC +2)


Message History

The azure jelly is almost dead.
You block the azure jelly's attack. x3; The azure jelly closely misses you.
You claw the azure jelly!
The azure jelly is almost dead.
The azure jelly hits you. The azure jelly freezes you!!
The azure jelly hits you. The azure jelly freezes you!!
* * * LOW HITPOINT WARNING * * *
The azure jelly hits you but does no damage.
The azure jelly hits you.
* * * LOW HITPOINT WARNING * * *
You feel much better.
The azure jelly hits you but does no damage.
The azure jelly hits you.
* * * LOW HITPOINT WARNING * * *
The azure jelly freezes you!!!
* * * LOW HITPOINT WARNING * * *
The azure jelly hits you!
* * * LOW HITPOINT WARNING * * *
The azure jelly hits you.
You die...

..#..P.....................#..PP.
.##..............................
.##................##......P.....
..#..P............P####..........
.#....#..........................
.#P............p...p.............
......#............PP......#....#
..#..#..............#..P....P....
.P.....###P.P#.J@................
.P....#.###.###..................
.#......#.P.###..................
.............##.........[.@......
.................................
.......#.........................
PP....###....#P..............#...
.......#....................#####
........#....P.............#.# #.


You could see an azure jelly and 2 neutral humans.

Vanquished Creatures
  Kirke (Lair:6)
  Snorg (D:12)
  Fannar (Lair:1)
  Harold (D:12)
  7 hydras
  A catoblepas (Lair:2)
  Erica (D:8)
  3 two-headed ogres
  3 death yaks (D:7)
  Nergalle (D:12)
  A sun demon (Volcano)
  The ghost of cerealjynx the Cleaver, a novice HOGl of Uskayaw (D:8)
  A cyclops (D:12)
  A deep elf mage (D:7)
  2 manticores
  An orc sorcerer (Volcano)
  2 centaur zombies
  26 elephants
  3 black mambas
  2 rust devils (D:7)
  18 spiny frogs
  2 centaur skeletons
  3 komodo dragons
  3 rime drakes
  2 red devils (Volcano)
  A queen bee (Lair:2)
  3 trolls
  A hornet (D:11)
  10 hippogriffs
  A polar bear (Lair:3)
  13 blink frogs
  2 slime creatures
  Sigmund (D:3)
  2 wraiths
  2 wyverns
  31 yaks
  2 hogs (Lair:6)
  2 hungry ghosts
  3 basilisks (Lair:1)
  7 vampire mosquitoes
  A naga (Lair:3)
  6 swamp worms (Lair:3)
  An acid dragon (D:11)
  2 hell hounds (Volcano)
  2 soldier ants (D:8)
  6 porcupines
  10 water moccasins
  A floating eye (D:12)
  9 orc warriors
  3 phantoms
  6 ice beasts
  4 sky beasts
  2 black bears
  6 ogres
  2 necrophages
  A boggart (D:8)
  9 centaurs
  4 wolves (Lair:5)
  5 crocodiles
  A big kobold (D:12)
  26 bullfrogs
  6 scorpions
  31 killer bees
  A wyvern skeleton (D:12)
  A water moccasin skeleton (D:8)
  16 wights
  2 electric eels
  2 howler monkeys
  8 crimson imps
  10 jellies
  A quasit (D:12)
  7 orc priests
  4 hounds
  4 bullfrog skeletons
  An iron imp (D:9)
  9 worker ants
  A hell rat (D:7)
  22 orc wizards
  A hound zombie (D:8)
  A worker ant zombie (D:7)
  10 adders
  A river rat (D:7)
  4 shadow imps
  4 oozes (Lair:5)
  4 worms
  4 dart slugs
  51 orcs
  5 giant cockroaches
  10 goblins
  9 hobgoblins
  8 jackals
  9 kobolds
  5 quokkas
  2 ball pythons
  6 bats
  4 frilled lizards
  A leopard gecko skeleton (D:8)
  7 rats
548 creatures vanquished.

Vanquished Creatures (others)
  A giant cockroach (D:2)
  16 fungi
  40 plants
57 creatures vanquished.

Grand Total: 605 creatures vanquished

Notes
Turn   | Place    | Note
-------+----------+-------------------------------------------
     0 | D:1      | Karnivor the Troll Fighter began the quest for the Orb.
     0 | D:1      | Reached XP level 1. HP: 22/22 MP: 0/0
   267 | D:1      | Reached XP level 2. HP: 28/29 MP: 1/1
   603 | D:1      | Reached XP level 3. HP: 37/37 MP: 2/2
  1113 | D:2      | Found a white marble altar of Elyvilon.
  1155 | D:2      | Found a blossoming altar of Fedhas.
  1158 | D:2      | Found an ancient bone altar of Kikubaaqudgha.
  1183 | D:2      | Reached skill level 3 in Unarmed Combat
  1765 | D:2      | Found a hide-covered altar of Uskayaw.
  1765 | D:2      | Found a hazy altar of Hepliaklqana.
  2151 | D:3      | Noticed Sigmund
  2153 | D:3      | Reached XP level 4. HP: 37/45 MP: 3/3
  2174 | D:3      | Killed Sigmund
  2174 | D:3      | Reached skill level 4 in Unarmed Combat
  2174 | D:3      | Reached XP level 5. HP: 21/54 MP: 4/4
  2590 | D:3      | Found an opulent altar of Gozag.
  2612 | D:3      | Reached XP level 6. HP: 63/63 MP: 5/5
  3588 | D:4      | Reached skill level 5 in Unarmed Combat
  3685 | D:4      | Found a staircase to the Ecumenical Temple.
  3717 | Temple   | Entered the Ecumenical Temple
  3787 | D:4      | Reached skill level 5 in Fighting
  3975 | D:4      | Reached XP level 7. HP: 72/72 MP: 6/6
  4061 | D:4      | Found a glowing golden altar of the Shining One.
  4111 | D:4      | Became a worshipper of the Shining One
  4132 | D:5      | Entered Level 5 of the Dungeon
  4446 | D:5      | Reached skill level 6 in Unarmed Combat
  4713 | D:5      | Reached XP level 8. HP: 46/83 MP: 3/7
  4730 | D:5      | Reached skill level 7 in Unarmed Combat
  5177 | D:6      | Found a shimmering altar of Xom.
  5177 | D:6      | Noticed an angel
  5185 | D:6      | Found a glowing silver altar of Zin.
  5357 | D:6      | Found a basalt altar of Yredelemnul.
  5400 | D:6      | Found a blossoming altar of Fedhas.
  5425 | D:6      | Reached * piety under the Shining One
  5452 | D:6      | Reached skill level 8 in Unarmed Combat
  5671 | D:6      | Reached XP level 9. HP: 93/93 MP: 8/8
  6239 | D:6      | Noticed a rust devil
  6239 | D:6      | Noticed a rust devil
  6245 | D:7      | Reached skill level 9 in Unarmed Combat
  6293 | D:7      | Killed a rust devil
  6305 | D:7      | Killed a rust devil
  6584 | D:7      | Noticed a deep elf mage
  6591 | D:7      | Killed a deep elf mage
  6591 | D:7      | Reached skill level 10 in Unarmed Combat
  6727 | D:7      | Reached XP level 10. HP: 106/107 MP: 9/9
  6870 | D:7      | Reached ** piety under the Shining One
  7024 | D:7      | Found a shadowy altar of Dithmenos.
  7024 | D:7      | Found a sparkling altar of Nemelex Xobeh.
  7069 | D:8      | Noticed a death yak
  7075 | D:8      | Noticed a death yak
  7087 | D:7      | Killed a death yak
  7087 | D:7      | Reached skill level 1 in Throwing
  7087 | D:7      | Reached skill level 1 in Armour
  7087 | D:7      | Reached skill level 1 in Invocations
  7225 | D:8      | Noticed a death yak
  7225 | D:8      | Noticed cerealjynx's ghost (novice HOGl)
  7260 | D:7      | Killed a death yak
  7260 | D:7      | Reached skill level 1 in Evocations
  7265 | D:7      | Killed a death yak
  7893 | D:8      | Killed cerealjynx's ghost
  8206 | D:8      | Noticed Erica
  8216 | D:8      | Killed Erica
  8216 | D:8      | Reached XP level 11. HP: 59/115 MP: 6/12
  8251 | D:8      | Got a bone dire flail
  8366 | D:8      | Found a staircase to the Lair.
  8428 | D:8      | Reached *** piety under the Shining One
  8635 | D:8      | Noticed a two-headed ogre
  8640 | D:8      | Killed a two-headed ogre
  9021 | Lair:1   | Entered Level 1 of the Lair of Beasts
  9036 | Lair:1   | Noticed a six-headed hydra
  9311 | D:9      | Found a snail-covered altar of Cheibriados.
  9622 | D:9      | Reached **** piety under the Shining One
  9649 | D:9      | Found a stormy altar of Qazlal.
  9685 | D:9      | Found a shattered altar of Ashenzari.
  9856 | D:9      | Noticed a two-headed ogre
  9860 | D:9      | Killed a two-headed ogre
 10018 | D:10     | Entered Level 10 of the Dungeon
 10284 | D:10     | Found Jonnap's Weapon Shop.
 10411 | D:10     | Reached skill level 11 in Unarmed Combat
 11402 | D:11     | Found a staircase to the Orcish Mines.
 11429 | D:11     | Reached ***** piety under the Shining One
 11435 | D:11     | Noticed a two-headed ogre
 11441 | D:11     | Killed a two-headed ogre
 11441 | D:11     | Reached XP level 12. HP: 120/126 MP: 14/14
 11812 | D:11     | Paralysed by a hornet for 3 turns
 12181 | D:12     | Noticed Snorg
 12190 | D:12     | Killed Snorg
 12190 | D:12     | Reached skill level 5 in Dodging
 12190 | D:12     | Reached skill level 5 in Shields
 12330 | D:12     | Reached skill level 10 in Fighting
 12474 | D:12     | Paralysed by a floating eye for 3 turns
 12754 | D:12     | Noticed a four-headed hydra
 12759 | D:12     | Killed a four-headed hydra
 12858 | D:12     | Noticed Nergalle
 12863 | D:12     | Reached skill level 5 in Invocations
 12890 | D:12     | Killed Nergalle
 13007 | D:12     | Noticed Harold
 13020 | D:12     | Killed Harold
 13020 | D:12     | Reached skill level 5 in Throwing
 13425 | D:8      | Killed a six-headed hydra
 14037 | Lair:1   | Noticed Fannar
 14060 | Lair:1   | Killed Fannar
 14060 | Lair:1   | Reached XP level 13. HP: 83/133 MP: 9/16
 15037 | Lair:2   | Reached skill level 5 in Armour
 15259 | Lair:2   | Reached skill level 5 in Evocations
 15322 | Lair:2   | Found an ancient bone altar of Kikubaaqudgha.
 15863 | Lair:3   | Reached skill level 12 in Unarmed Combat
 15880 | Lair:3   | Found a staircase to the Snake Pit.
 16420 | Lair:3   | Found a staircase to the Swamp.
 17826 | Lair:5   | Found a dark tunnel.
 17835 | Volcano  | Entered a volcano
 18404 | Lair:5   | Reached XP level 14. HP: 141/144 MP: 18/18
 18657 | Lair:5   | Found a runed door.
 18658 | Lair:5   | Found a viscous altar of Jiyva.
 18660 | Lair:5   | Found a staircase to the Slime Pits.
 18873 | Lair:6   | Entered Level 6 of the Lair of Beasts
 18873 | Lair:6   | Reached ****** piety under the Shining One
 19711 | Lair:5   | Noticed Kirke
 19929 | Lair:5   | Noticed a sphinx
 19930 | Lair:5   | Noticed an azure jelly
 19952 | Lair:6   | Killed Kirke
 19989 | Lair:5   | HP: 1/146 [azure jelly (8)]
 19989 | Lair:5   | Slain by an azure jelly

Vault maps used:
D:1:      dpeg_cavernosity, serial_forest, infiniplex_forest_straight_1,
          infiniplex_forest_clump_small, infiniplex_forest_lined_4_way,
          infiniplex_forest_clump_double, infiniplex_forest_clump_tiny
D:2:      wad_lake_hut, grunt_temple_overflow_growth_and_decay,
          amethyst_overflow_temple_binary, serial_forest,
          infiniplex_forest_end_2, infiniplex_forest_end_3,
          infiniplex_forest_end_1, infiniplex_forest_clump_curved,
          infiniplex_forest_clump_medium, infiniplex_forest_lined_corner,
          infiniplex_forest_lined_ring, infiniplex_forest_end_1,
          elyvilon_altar_4
D:3:      lemuel_doored_altar, uniq_sigmund
D:4:      tso_metal_star, first_bread
D:6:      cheibrodos_iron_armory, grunt_temple_overflow_order_and_chaos_1,
          old_standard_altar, minmay_misc_feat_diagonals,
          fedhas_bush_and_centaur_altar
D:7:      minitemple, guppyfry_early_elven_hall
D:8:      minmay_cut_squares, dpeg_lair_monsters, hangedman_pestilent_swarm,
          uniq_erica
D:9:      slow_altar_1, ashenzari_conservatory_becter,
          nicolae_qazlal_general_emergency
D:10:     serial_shops, nicolae_shop_window_shopping
D:11:     orc_0_dummy
D:12:     onia_ninara_cookie, uniq_nergalle, uniq_harold, uniq_snorg
Temple:   corrupted_temple
Lair:1:   uniq_fannar
Lair:2:   basic_altar, special_room
Lair:3:   nicolae_swamp_entry_splash_gauntlet, guppyfry_snake_entry_island
Lair:4:   lemuel_old_faithful
Lair:5:   slime_altar_2, nicolae_volcano_entry_two_sided, uniq_kirke
Lair:6:   minmay_lair_end_frog_pond, lemuel_fruit_tree
Volcano:  volcano_pools

Skill      XL: |  1  2  3  4  5  6  7  8  9 10 11 12 13 14 |
---------------+-------------------------------------------+-----
Fighting       | 3 4 5 6 7 9 10 11 | 11.2
Unarmed Combat | 3 4 5 6 8 10 11 12 | 12.7
Throwing       | 2 4 5 6 |  6.9
Armour         | 2 3 4 5 6 |  6.4
Invocations    | 2 4 5 6 7 |  7.4
Dodging        | 3 4 5 6 7 |  7.0
Shields        | 3 4 5 6 7 |  7.2
Evocations     | 2 3 4 5 6 |  6.1

Action                   |  1- 3 |  4- 6 |  7- 9 | 10-12 | 13-15 || total
-------------------------+-------+-------+-------+-------+-------++-------
Melee: Unarmed           |   130 |   122 |   193 |   561 |   557 ||  1563
Throw: Large rock        |       |       |       |     6 |    15 ||    21
       Javelin           |       |       |       |       |     3 ||     3
Invok: Cleansing Flame   |       |       |       |       |     2 ||     2
Evoke: Wand              |       |     2 |       |       |       ||     2
  Use: Scroll            |     3 |    13 |     4 |     9 |     9 ||    38
       Potion            |       |       |       |       |     2 ||     2
 Stab: Sleeping          |       |     2 |       |       |       ||     2
  Eat: Chunk             |    24 |    14 |    30 |    69 |    55 ||   192
Armor: Robe              |    22 |    43 |    27 |    70 |       ||   162
       Troll leather arm |       |       |       |    66 |   289 ||   355
Dodge: Dodged            |    33 |    53 |    57 |   159 |   309 ||   611
Block: Shield            |    53 |    48 |    76 |   249 |   398 ||   824
